 Dungeon Crawl Stone Soup version 0.17-a0-82-g3e33fa6 (webtiles) character file.

244 BluebellGnoll the Covert (level 5, -4/24 HPs)
             Began as a Spriggan Enchanter on Mar 16, 2015.
             Killed by divine providence
             ... invoked by an orc priest
              (9 damage)
             ... on level 3 of the Dungeon.
             The game lasted 00:08:54 (2508 turns).

BluebellGnoll the Covert (Spriggan Enchanter)       Turns: 2508, Time: 00:08:54

Health: -4/24      AC:  3    Str:  4    XL:     5   Next: 83%
Magic:  2/14       EV: 21    Int: 18    God:
Gold:   53         SH:  0    Dex: 16    Spells: 4 memorised, 1 level left

rFire  . . .     SeeInvis +     a - +1 dagger
rCold  . . .     Clarity  .     b - +1 robe
rNeg   . . .     SustAb   .     (shield restricted)
rPois  .         Gourm    .     (helmet restricted)
rElec  .         Spirit   .     (no cloak)
rCorr  .         Warding  .     (gloves unavailable)
rMut   .         Stasis   .     (boots unavailable)
MR     .....                    (no amulet)
Stlth  ++++......               (no ring)
                                (no ring)

@: very slightly contaminated, very quick, not resistant to hostile
enchantments, stealthy
A: unfitting armour, see invisible, herbivore 3, speed 3, slow metabolism 2
a: no special abilities


You were on level 3 of the Dungeon.
You were not hungry.

You visited 1 branch of the dungeon, and saw 3 of its levels.

You collected 53 gold pieces.

Inventory:

Hand weapons
 a - a +1 dagger (weapon)
 e - a +3 short sword
 i - a +0 blowgun
Missiles
 j - 2 needles of paralysis
 l - 13 poisoned needles
Armour
 b - a +1 robe (worn)
Jewellery
 g - an uncursed ring of ice
Scrolls
 k - a scroll of identify {unknown}
 m - a scroll of fog {unknown}
 n - 2 scrolls of remove curse
 o - a scroll of enchant armour {unknown}
 q - a scroll of random uselessness {unknown}
Potions
 f - 2 potions of heal wounds {unknown}
 h - a potion of curing {unknown}
Books
 c - a book of Maledictions

   Spells                             Type                      Level
   a - Corona                         Hexes                        1
   b - Sure Blade                     Hexes/Charms                 2
   c - Ensorcelled Hibernation        Hexes/Ice                    2
   d - Confuse                        Hexes                        3
   e - Dazzling Spray                 Conjuration/Hexes            3
   f - Enslavement                    Hexes                        4
Comestibles
 d - 3 bread rations


   Skills:
 - Level 1.1 Short Blades
 - Level 6.2 Dodging
 - Level 8.3 Stealth
 * Level 2.6 Spellcasting
 * Level 3.7 Hexes


You had one spell level left.
You knew the following spells:

 Your Spells              Type           Power        Failure   Level  Hunger
a - Corona                Hex            ###....      4%          1    #......
b - Ensorcelled Hibernat  Hex/Ice        #.....       12%         2    ##.....
c - Confuse               Hex            ###.....     14%         3    ###....
d - Sure Blade            Hex/Chrm       #.........   12%         2    ##.....


Dungeon Overview and Level Annotations

Branches:
Dungeon (3/15)

Altars:
Cheibriados
Dithmenos
Ru


Innate Abilities, Weirdness & Mutations

You are tiny and cannot use many weapons and most armour.
You have supernaturally acute eyesight.
You are a herbivore.
You cover ground extremely quickly.
You need consume almost no food.


Message History

The orc wizard casts a spell.
The orc wizard blinks!
You see here a short sword.
You hit the orc priest.
The orc priest is moderately wounded.
You hit the orc priest but do no damage.
The orc priest is moderately wounded.
The orc priest seems less confused.
The orc priest completely misses you.
You barely miss the orc priest.
The orc priest is moderately wounded.
The orc priest misses you.
The orc priest invokes the aid of Beogh against you.
You resist with significant effort.
The orc priest mumbles some strange prayers to Beogh against you.
Something smites you!
Ouch! That really hurt!
* * * LOW HITPOINT WARNING * * *
The orc priest mumbles some strange prayers to Beogh against you.
Something smites you!
You die...

#.....##..#.......##..........#
.........(...................>#
........##..#########....#....# .
..._...####.# #.........+ .
........##..# #.........#..
............####### #..###.#..#..
#.....##......†...###............
#..#..###..........##..###.##.###
..###.. #.......@..##))# #<##.###
..###......##.####.##..# #%......
...#........#.#....o.#.######.#..
...........<..#.###..#)#...##.#..
.#### ...#..###.# #....')......##
.# .#.....†# ##.#o#.........
.#########+#.##.# #..#####......
...#.........##.#####.# #......
...#................#..# #.%....


You could see an orc priest and an orc wizard.

Vanquished Creatures
  The ghost of oplop the Sneak, an average KoAs (D:3)
  A worker ant (D:3)
  3 gnolls (D:2)
  5 adders
  A giant mite (D:2)
  A worm (D:2)
  6 giant geckos
  2 orcs (D:3)
  2 ball pythons
  2 giant cockroaches
  3 goblins
  8 hobgoblins
  3 jackals (D:3)
  3 bats
  3 giant newts
  6 kobolds
  7 rats
57 creatures vanquished.

Notes
Turn   | Place    | Note
--------------------------------------------------------------
     0 | D:1      | BluebellGnoll, the Spriggan Enchanter, began the quest for the Orb.
     0 | D:1      | Reached XP level 1. HP: 9/9 MP: 4/4
   101 | D:1      | Reached skill level 5 in Stealth
   121 | D:1      | Reached XP level 2. HP: 5/13 MP: 5/7
   125 | D:1      | Learned a level 2 spell: Ensorcelled Hibernation
  1061 | D:2      | Reached skill level 6 in Stealth
  1075 | D:2      | Reached XP level 3. HP: 16/16 MP: 0/9
  1080 | D:2      | Learned a level 3 spell: Confuse
  1194 | D:2      | Reached skill level 7 in Stealth
  1424 | D:2      | Reached XP level 4. HP: 21/21 MP: 12/12
  1429 | D:2      | Learned a level 2 spell: Sure Blade
  1754 | D:2      | Reached skill level 8 in Stealth
  1982 | D:3      | Found a snail-covered altar of Cheibriados.
  2033 | D:3      | Found a sacrificial altar of Ru.
  2350 | D:3      | Noticed oplop's ghost (average KoAs)
  2352 | D:3      | Found a shadowy altar of Dithmenos.
  2354 | D:3      | Reached XP level 5. HP: 24/24 MP: 10/14
  2368 | D:3      | Killed oplop's ghost
  2368 | D:3      | Reached skill level 5 in Dodging
  2508 | D:3      | Killed from afar by an orc priest

Action                   |  1- 3 |  4- 6 || total
-------------------------+-------+-------++-------
Melee: Dagger            |    50 |    85 ||   135
 Cast: Corona            |     8 |     7 ||    15
       Ensorcelled Hiber |     9 |     4 ||    13
       Confuse           |       |     5 ||     5
  Use: Scroll            |       |     1 ||     1
 Stab: Sleeping          |    10 |    13 ||    23
       Confused          |       |     2 ||     2
       Distracted        |       |     1 ||     1
  Eat: Royal jelly       |       |     1 ||     1
